 Dungeon Crawl Stone Soup version 0.30-a0-1093-gcfb1e0cf12 (console) character file.

Game seed: 1444292209028830503

2970 Banquo the Cleaver (level 10, -4/69 HPs)
             Began as a Djinni Gladiator on Apr 17, 2023.
             Was an Initiate of Cheibriados.
             Slain by Harold
             ... wielding a +0 trident
              (7 damage)
             ... on level 9 of the Dungeon.
             The game lasted 00:33:58 (5890 turns).

Banquo the Cleaver (Djinni Gladiator)               Turns: 5890, Time: 00:34:01

Health: -4/69      AC: 14    Str: 14    XL:     10   Next: 8%
Gold:   296        EV: 14    Int: 20    God:    Cheibriados [......] SH:  6 Dex: 17

rFire   + + +      SeeInvis .    a - +4 broad axe (vamp)
rCold   x . .      Faith    .    i - +1 buckler
rNeg    . . .      Spirit   .    d - +2 steam dragon scales
rPois   ∞          Reflect  .    h - +2 hat
rElec   .          Rampage  .    e - +1 cloak {rPois}
rCorr   .                        (no gloves)
Will    +....                    (boots unavailable)
Stlth   ++                       n - amulet of regeneration
HPRegen 1.11/turn                s - ring of protection from fire
MPRegen 0.00/turn                o - +6 ring of intelligence

@: spiked, attractive, flying, very slightly contaminated, very slow
A: sickness immunity, fire resistance 2, cold vulnerability 1, float, innate
caster, HP casting, extra vitality 1, iridescent scales 1, mutation resistance 1
a: Renounce Religion


You were on level 9 of the Dungeon.
You worshipped Cheibriados.
Cheibriados was noncommittal.
You visited 2 branches of the dungeon, and saw 9 of its levels.

You collected 410 gold pieces.
You spent 114 gold pieces at shops.

Inventory:

Hand Weapons
 a - a +4 vampiric broad axe (weapon)
 b - a +2 hand axe of freezing
 g - a +1 war axe
 k - the +1 short sword of Vile {elec, Contam Int+9}
   (You found it on level 2 of the Dungeon)

   Int:       It affects your intelligence (+9).
   Contam:    It causes magical contamination when unequipped.
 l - a +5 spear
Missiles
 m - 15 poisoned darts
 t - 3 javelins
Armour
 d - +2 steam dragon scales (worn)
 e - a +1 cloak of poison resistance (worn)
 h - a +2 hat (worn)
 i - a +1 buckler (worn)
Jewellery
 j - an amulet of faith
 n - an amulet of regeneration (around neck)
 o - a +6 ring of intelligence (right hand)
 s - a ring of protection from fire (left hand)
 B - a ring of fire
 F - a ring of fire
Wands
 v - a wand of polymorph (6)
 w - a wand of roots (3)
Scrolls
 c - a scroll of fog {unknown}
 f - a scroll of enchant armour
 x - 2 scrolls of noise
 y - 2 scrolls of teleportation
 C - a scroll of poison
Potions
 p - 2 potions of brilliance
 r - 3 potions of curing


   Skills:
 + Level 4.7 Fighting
 + Level 8.5 Axes
 - Level 1.5 Throwing
 - Level 4.0 Armour
 + Level 4.8 Dodging
 * Level 3.4 Shields
 * Level 3.3 Spellcasting


You knew the following spells:

 Your Spells              Type           Power      Damage    Failure   Level
a - Apportation           Tloc           32%        N/A       4%          1
b - Poisonous Vapours     Pois/Air       32%        N/A       7%          2
c - Vhi's Electric Charg  Tloc/Air       32%        N/A       14%         3
d - Dazzling Flash        Conj/Hex       32%        N/A       14%         3
Your spell library was empty.

Dungeon Overview and Level Annotations

Branches:
Dungeon (7/15)             Temple (1/1) D:5

Altars:
Ashenzari
Cheibriados
Dithmenos
Elyvilon
Fedhas
Gozag
Hepliaklqana
Makhleb
Okawaru
Qazlal
Ru
Trog
Uskayaw
Wu Jian
Xom
Zin
The Shining One

Shops:
D:5 :***

Annotations:
D:4 Prolly Pikel
D:9 Harold


Innate Abilities, Weirdness & Mutations

You are immune to sickness and miasma.
You are immune to poison.
Your flesh is very heat resistant. (rF++)
You are vulnerable to cold. (rC-)
You float through the air rather than walking.
You learn spells naturally, not from books.
Your magical power is your life essence.
You have superior vitality. (+4 MHP)
You are partially covered in iridescent scales. (AC +2)
You are somewhat resistant to further mutation.


Message History

You miscast Poisonous Vapours.
You are very lightly contaminated with residual magic.
Nothing appears to happen.
The manticore flicks its tail.
The volley of spikes hits you!
The barbed spikes become lodged in your body.
You hit the manticore but do no damage.
The manticore is moderately wounded.
You block the manticore's attack. The manticore closely misses you.
You block the manticore's attack.
Harold hits you from afar with a +0 trident!
You slash the manticore!
The manticore is severely wounded.
The manticore bites you! The manticore claws you.
* * * LOW HITPOINT WARNING * * *
The manticore claws you!
* * * LOW HITPOINT WARNING * * *
Harold completely misses you.
It was a potion of curing.
You feel better.
The manticore bites you but does no damage.
The manticore claws you.
* * * LOW HITPOINT WARNING * * *
The manticore claws you but does no damage.
Harold barely misses you.
Unknown command.
Okay, then.
Unknown command.
It was a potion of mutation.
You feel extremely strange.
Iridescent scales grow over part of your body.
You feel genetically stable.
The manticore misses you. x2; The manticore closely misses you.
Harold hits you from afar with a +0 trident!
* * * LOW HITPOINT WARNING * * *
It was a potion of attraction.
You feel attractive to monsters. The manticore barely misses you.
The manticore claws you but does no damage.
The manticore closely misses you.
Harold hits you from afar with a +0 trident!
You die...

##..........#
'..........#
#..........#
#..........#
#..........#
#...)[)....#
#####@###### #H##
#@.# ##.#
########.###
##########..........#
....................#
.#########..........#
## #..........#
#..........#
#..........#


You could see Harold (poisoned) and a manticore (very poisoned).

Vanquished Creatures
  Maggie (D:6)
  Psyche (D:9)
  2 trolls (D:9)
  A hornet (D:4)
  A steam dragon (D:6)
  A centaur (D:6)
  An ogre (D:3)
  2 phantoms (D:4)
  4 lemures (D:3)
  A kobold brigand (D:6)
  A bullfrog (D:6)
  2 scorpions (D:6)
  4 wights (D:9)
  3 killer bees
  4 howler monkeys (D:9)
  4 crimson imps
  2 jellies
  3 hounds
  A sleepcap (D:6)
  3 iguanas
  Ijyb (D:3)
  2 orc wizards (D:6)
  6 adders
  2 white imps (D:5)
  3 worms
  5 dart slugs
  5 orcs
  3 ball pythons
  5 bats
  6 endoplasms
  4 giant cockroaches
  7 goblins
  10 hobgoblins
  7 kobolds
  A quokka (D:4)
  2 frilled lizards
  8 rats
  A spectral kobold (D:1)
  A butterfly (D:5)
121 creatures vanquished.

Notes
Turn   | Place    | Note
-------+----------+-------------------------------------------
     0 | D:1      | Banquo the Djinni Gladiator began the quest for the Orb.
     0 | D:1      | Reached XP level 1. HP: 18/18 MP: 0/0
    34 | D:1      | Found a faded altar of an unknown god.
    86 | D:1      | Reached XP level 2. HP: 15/23 MP: 0/0
   272 | D:1      | Reached skill level 3 in Axes
   459 | D:1      | Reached XP level 3. HP: 28/28 MP: 0/0
   459 | D:1      | Learned a level 1 spell: Apportation
  1061 | D:2      | Identified the +1 short sword of Vile {elec, Contam Int+9}
  1404 | D:2      | Reached XP level 4. HP: 33/33 MP: 0/0
  1552 | D:2      | Found an ornate altar of the Wu Jian Council.
  1769 | D:3      | Reached skill level 1 in Spellcasting
  1817 | D:3      | Noticed an ogre
  1961 | D:3      | Killed an ogre
  1962 | D:3      | Reached skill level 4 in Axes
  1962 | D:3      | Reached skill level 1 in Armour
  1962 | D:3      | Reached XP level 5. HP: 38/38 MP: 0/0
  1962 | D:3      | Learned a level 2 spell: Poisonous Vapours
  2035 | D:3      | Found a shimmering altar of Xom.
  2072 | D:3      | Reached XP level 6. HP: 42/43 MP: 0/0
  2330 | D:4      | Noticed Ijyb
  2375 | D:3      | Killed Ijyb
  2728 | D:4      | Reached XP level 7. HP: 47/49 MP: 0/0
  2728 | D:4      | Learned a level 3 spell: Vhi's Electric Charge
  2748 | D:4      | Found a glowing golden altar of the Shining One.
  2748 | D:4      | Found a shadowy altar of Dithmenos.
  2748 | D:4      | Found a white marble altar of Elyvilon.
  2754 | D:4      | Found an opulent altar of Gozag.
  2754 | D:4      | Found a sacrificial altar of Ru.
  3082 | D:4      | Reached skill level 5 in Axes
  3329 | D:5      | Entered Level 5 of the Dungeon
  3497 | D:5      | Found Dafeihex's Book Boutique.
  3497 | D:5      | Found Abodwyis's Assorted Antiques.
  3497 | D:5      | Found Furiqoa's General Store.
  3598 | D:5      | Noticed a hornet
  3621 | D:4      | Killed a hornet
  3622 | D:4      | Reached XP level 8. HP: 17/56 MP: 0/0
  3805 | D:5      | Found a staircase to the Ecumenical Temple.
  3826 | Temple   | Entered the Ecumenical Temple
  3906 | D:5      | Bought a scroll labelled KOUNKI HOTIY for 21 gold pieces
  3906 | D:5      | Bought a scroll labelled KIGUM RIME for 21 gold pieces
  3906 | D:5      | Bought an amethyst potion for 18 gold pieces
  3906 | D:5      | Bought a sapphire potion for 18 gold pieces
  4203 | D:5      | Found Fuod's General Store.
  4211 | D:5      | Bought a scroll of teleportation for 36 gold pieces
  4390 | D:6      | Reached skill level 6 in Axes
  4459 | D:6      | Reached skill level 1 in Shields
  4847 | D:6      | Reached XP level 9. HP: 60/61 MP: 0/0
  4847 | D:6      | Learned a level 3 spell: Dazzling Flash
  4881 | D:6      | Reached skill level 7 in Axes
  4931 | D:6      | Noticed Maggie
  5051 | D:6      | Killed Maggie
  5193 | D:6      | Found a snail-covered altar of Cheibriados.
  5209 | D:6      | Became a worshipper of Cheibriados the Contemplative
  5523 | D:7      | You are sucked into a shaft and drop 2 floors!
  5524 | D:9      | Noticed a troll
  5537 | D:9      | Killed a troll
  5617 | D:9      | Reached skill level 8 in Axes
  5670 | D:9      | Noticed Psyche
  5670 | D:9      | Noticed a death yak
  5671 | D:9      | Noticed a death yak
  5691 | D:9      | Killed Psyche
  5853 | D:9      | Noticed a troll
  5854 | D:9      | Reached XP level 10. HP: 69/69 MP: 0/0
  5877 | D:9      | Noticed a manticore
  5880 | D:9      | Noticed Harold
  5889 | D:9      | Gained mutation: You are partially covered in iridescent
                  | scales. (AC +2) [potion of mutation]
  5889 | D:9      | Gained mutation: You are somewhat resistant to further
                  | mutation. [potion of mutation]
  5889 | D:9      | HP: 2/69 [Harold/+0 trident (10)]
  5890 | D:9      | Slain by Harold

Illustrated notes

Levels and vault maps discovered:
D:1:      mrwooster_arrival_statue, layout_basic,
          dreamdust_ecumenical_altar_drowned_temple
D:2:      layout_rooms, basic_altar
D:3:      layout_rooms, led_xom_imps
D:4:      layout_basic, minmay_overflow_temple_hex, uniq_pikel, uniq_ijyb
D:5:      layout_cave_pools, minmay_temple_entry_butterflies, serial_shops,
          nicolae_shop_crystal, nicolae_shop_distant_corner_stores
D:6:      layout_cave_pools, cheibrodos_worm_habitat, kennysheep_windowed_goal,
          uniq_maggie
D:7:      layout_loops_ring, nemelex_diamond_rough_becter,
          amcnicky_mini_pool_medium
D:9:      layout_roguey, dpeg_lair_monsters, uniq_harold, uniq_erolcha,
          uniq_psyche
Temple:   nicolae_temple_ecumenical_triangle

Skill      XL: |  1  2  3  4  5  6  7  8  9 |
---------------+----------------------------+-----
Axes           | 3 4 5 6 8 |  8.5
Spellcasting   | 1 2 3 |  3.3
Armour         | 1 2 3 4 |  4.0
Fighting       | 3 4 |  4.7
Dodging        | 4 |  4.8
Shields        | 1 3 |  3.4
Throwing       | |  1.5

Action                     |  1- 3 |  4- 6 |  7- 9 | 10-12 || total
---------------------------+-------+-------+-------+-------++-------
  Melee: War axe           |   106 |   218 |   268 |       ||   592
         Punch             |     1 |     3 |     1 |       ||     5
         Hand axe          |       |    15 |       |       ||    15
         Broad axe         |       |       |    53 |     6 ||    59
  Throw: Dart              |       |     3 |     4 |       ||     7
         Throwing net      |       |     3 |       |       ||     3
         Javelin           |       |     1 |       |       ||     1
   Cast: Poisonous Vapours |       |       |     6 |     9 ||    15
    Use: Scroll            |       |     4 |    10 |       ||    14
         Potion            |       |       |     5 |     3 ||     8
   Stab: Sleeping          |       |     1 |       |       ||     1
         Invisible         |       |       |     1 |       ||     1
 Armour: Leather armour    |    40 |    16 |       |       ||    56
         Scale mail        |       |    89 |   146 |       ||   235
         Steam dragon scal |       |       |    15 |     7 ||    22
  Dodge: Dodged            |    75 |   120 |   208 |    14 ||   417
  Block: Buckler           |       |       |    18 |     3 ||    21

Table legend: (Time is in decaauts)
 A = Elapsed time spent in this place.
 B = Non-inter-level travel time spent in this place.
 C = Inter-level travel time spent in this place.
 D = Time resting spent in this place.
 E = Time spent auto-exploring this place.
 F = Levels seen in this place.
 G = Mean time per level.
                   A        B        C        D        E       F      G
               +--------+--------+--------+--------+--------+-----+--------+
         Total |   6229 |   5691 |    538 |    431 |   2819 |   9 |  692.1 |
       Dungeon |   6196 |   5658 |    538 |    431 |   2795 |   8 |  774.5 |
        Temple |     32 |     32 |      0 |      0 |     24 |   1 |   32.0 |
               +--------+--------+--------+--------+--------+-----+--------+

Top non-repeatable levels by time:
     D:4: 1119 daAuts
     D:1: 1117 daAuts
     D:6: 1076 daAuts
     D:5: 824 daAuts
     D:3: 812 daAuts
     D:2: 746 daAuts
     D:9: 439 daAuts
     D:7: 61 daAuts
  Temple: 32 daAuts
